 Dungeon Crawl Stone Soup version 0.23.2-40-g277498a001 (webtiles) character file.

Game seed: 10779594962187449815

1376 EWolf27 the Skirmisher (level 8, -3/64 HPs)
             Began as a Formicid Abyssal Knight on Oct 14, 2019.
             Was a Priest of Lugonu.
             Impaled on a porcupine's spines (9 damage)
             ... on level 10 of the Dungeon.
             The game lasted 00:43:26 (9758 turns).

EWolf27 the Skirmisher (Formicid Abyssal Knight)    Turns: 9758, Time: 00:43:27

Health: -3/64      AC: 11    Str: 21      XL:     8   Next: 98%
Magic:  11/11      EV:  9    Int: 13      God:    Lugonu [***...]
Gold:   281        SH:  4    Dex:  9 (10) Spells: 7/7 levels left

rFire    . . .     SeeInvis +   a - +1 spear
rCold    . . .     Gourm    .   k - +0 buckler
rNeg     . . .     Faith    .   o - +0 chain mail
rPois    +         Spirit   .   (helmet unavailable)
rElec    .         Reflect  .   (no cloak)
rCorr    .         Harm     .   b - +0 pair of gloves
MR       .....                  (no boots)
Stlth    ..........             (no amulet)
HPRegen  0.20/turn              r - +3 ring of strength
MPRegen  0.12/turn              l - ring of poison resistance

@: lethally poisoned (-3 -> -3), very slightly contaminated, studying Polearms
A: permanent stasis, dig shafts and tunnels, four strong arms, antennae 3
a: Dig, Shaft Self, Depart the Abyss, Bend Space, Banish, Renounce Religion


You were on level 10 of the Dungeon.
You worshipped Lugonu.
Lugonu was most pleased with you.
You were not hungry.

You visited 1 branch of the dungeon, and saw 8 of its levels.
You visited the Abyss 1 time.

You collected 281 gold pieces.

Inventory:

Hand Weapons
 a - a +1 spear (weapon)
 g - a +1 dagger of electrocution
Missiles
 d - 228 stones (quivered)
Armour
 b - a +0 pair of gloves (worn)
 k - a +0 buckler (worn)
 o - a +0 chain mail (worn)
Jewellery
 h - an uncursed ring of positive energy
 l - a ring of poison resistance (right hand)
 r - a +3 ring of strength (left hand)
Wands
 t - a wand of digging (7)
 y - a wand of polymorph (6)
Scrolls
 f - 2 scrolls of amnesia {unknown}
 i - 4 scrolls of identify
 m - 2 scrolls of enchant weapon
 n - 2 scrolls of remove curse {unknown}
 p - 2 scrolls of enchant armour {unknown}
 u - a scroll of blinking {unknown}
 w - a scroll of random uselessness {unknown}
 z - a scroll of acquirement {unknown}
Potions
 j - a potion of might
 q - a potion of heal wounds
 s - 2 potions of magic {unknown}
 v - a potion of ambrosia {unknown}
 x - a potion of invisibility
 A - a potion of curing {unknown}
Books
 e - a manual of Polearms
Comestibles
 c - 9 rations


   Skills:
 + Level 6.2 Fighting
 * Level 6.1 Polearms
 + Level 5.6 Armour
 - Level 3.0 Dodging
 - Level 3.0 Stealth
 + Level 3.1 Shields
 - Level 4.0 Invocations


You had 7 spell levels left.
You didn't know any spells.
Your spell library contained the following spells:

 Spells                   Type           Power        Failure   Level  Hunger
 Animate Skeleton         Necr           N/A          95%         1    ##.....
 Apportation              Tloc           #.....       95%         1    ##.....
 Confusing Touch          Hex            #.....       95%         1    ##.....
 Summon Small Mammal      Summ           #...         95%         1    ##.....


Dungeon Overview and Level Annotations

Branches:
Dungeon (7/15)             Temple (0/1) D:7

Altars:
Ashenzari
Hepliaklqana
Ru

Shops:
D:5 (

Annotations:
D:4 Prince Ribbit
D:5 1 runed translucent door, Crazy Yiuf
D:6 Sigmund


Innate Abilities, Weirdness & Mutations

You cannot be hasted, slowed, berserked, paralysed or teleported.
You can dig through walls and to a lower floor.
Your four strong arms can wield two-handed weapons with a shield.
You have a pair of large antennae on your head. (SInv)


Message History

The shaft crumbles and collapses.
A porcupine comes into view.
You feel sick.
A porcupine is nearby!
A porcupine is nearby!
A porcupine is nearby!
You start resting.
You feel sick.
You flicker back into view.
You start resting.
You feel sick.
The porcupine is too close now for your liking.
You feel sick.
You start resting.
You feel sick.
The porcupine is too close now for your liking.
You hit the porcupine but do no damage. You block the porcupine's attack.
You hit the porcupine but do no damage.
A crocodile comes into view.
You completely miss the porcupine.
The porcupine bites you but does no damage.
You are struck by the porcupine's spines.
You die...

# #.#+
#.#. ...
#.#.#.####
#.....@r.#
#.....##.#
#.#.## #.#
.P #r# .t.
..# .. {
..P.


P P.P.P P..PP.. ###rPP.. You could see a crocodile and a porcupine.

Vanquished Creatures
  Eustachio (D:6)
  A centaur (D:5)
  2 bullfrogs
  Blork the orc (D:4)
  3 scorpions
  3 crimson imps
  3 orc priests
  2 hounds (D:3)
  2 jellies
  A bullfrog skeleton (D:4)
  A centaur skeleton (D:6)
  Terence (D:2)
  Ijyb (D:3)
  2 iguanas
  2 orc wizards
  2 worker ants
  A howler monkey zombie (D:5)
  7 adders
  A river rat (D:4)
  An ooze (D:1)
  2 adder skeletons
  9 worms
  A dart slug (D:1)
  9 leopard geckos
  17 orcs
  9 bats
  5 giant cockroaches
  7 goblins
  4 hobgoblins
  11 jackals
  3 quokkas
  3 frilled lizards
  A jackal skeleton (D:4)
  2 kobolds
  A leopard gecko skeleton (D:5)
  7 rats
129 creatures vanquished.

Notes
Turn   | Place    | Note
-------+----------+-------------------------------------------
     0 | Abyss:1  | EWolf27 the Formicid Abyssal Knight began the quest for the
                  | Orb.
     0 | Abyss:1  | Reached XP level 1. HP: 18/18 MP: 2/2
     0 | D:1      | Escaped the Abyss
    15 | D:1      | Reached skill level 1 in Dodging
   233 | D:1      | Reached XP level 2. HP: 14/24 MP: 3/3
   788 | D:1      | Reached XP level 3. HP: 25/29 MP: 4/4
  1034 | D:1      | Reached * piety under Lugonu
  2495 | D:2      | Reached XP level 4. HP: 36/36 MP: 6/6
  2659 | D:2      | Noticed Terence
  2689 | D:2      | Killed Terence
  2959 | D:3      | Reached XP level 5. HP: 41/42 MP: 7/7
  3159 | D:3      | Reached XP level 6. HP: 33/48 MP: 8/8
  3295 | D:4      | Reached ** piety under Lugonu
  3605 | D:4      | Found a hazy altar of Hepliaklqana.
  3773 | D:4      | Noticed an ogre
  4272 | D:3      | Noticed Ijyb
  4349 | D:3      | Killed Ijyb
  4349 | D:3      | Reached XP level 7. HP: 54/55 MP: 10/10
  4687 | D:3      | Found a sacrificial altar of Ru.
  4687 | D:3      | Found a shattered altar of Ashenzari.
  5007 | D:4      | Noticed Blork the orc
  6123 | D:4      | Reached skill level 5 in Fighting
  6314 | D:4      | Killed Blork the orc
  6730 | D:5      | Entered Level 5 of the Dungeon
  6767 | D:5      | Found Qoeb's Weapon Shop.
  7041 | D:5      | Reached XP level 8. HP: 60/63 MP: 11/11
  7139 | D:5      | Noticed Prince Ribbit
  7529 | D:5      | Reached skill level 1 in Shields
  7584 | D:5      | Reached *** piety under Lugonu
  7692 | D:3      | You fall through a shaft for 2 floors!
  8004 | D:5      | Reached skill level 1 in Stealth
  8045 | D:5      | Reached skill level 5 in Polearms
  8045 | D:5      | Reached skill level 5 in Armour
  8391 | D:5      | Found a runed translucent door.
  8392 | D:5      | Noticed Crazy Yiuf
  8651 | D:6      | Noticed Sigmund
  9093 | D:7      | Found a staircase to the Ecumenical Temple.
  9134 | D:6      | Noticed Eustachio
  9200 | D:6      | Killed Eustachio
  9726 | D:7      | HP: 3/64 [poisoned by a killer bee]
  9740 | D:7      | You fall through a shaft for 3 floors!
  9740 | D:10     | Entered Level 10 of the Dungeon
  9758 | D:10     | Impaled on a porcupine's spines

Skill      XL: |  1  2  3  4  5  6  7  8 |
---------------+-------------------------+-----
Dodging        | 1 2 3 |  3.0
Invocations    | 3 4 |  4.0
Polearms       | 3 4 6 |  6.1
Armour         | 3 4 5 |  5.6
Fighting       | 4 5 6 |  6.2
Shields        | 3 |  3.1
Stealth        | 3 |  3.0

Action                   |  1- 3 |  4- 6 |  7- 9 || total
-------------------------+-------+-------+-------++-------
Melee: Spear             |   118 |   261 |   543 ||   922
Throw: Stone             |       |       |     1 ||     1
Invok: Depart the Abyss  |     1 |       |       ||     1
       Bend Space        |       |       |    10 ||    10
 Abil: Shaft Self        |       |       |     2 ||     2
  Use: Scroll            |       |       |     6 ||     6
       Potion            |       |       |     3 ||     3
  Eat: Chunk             |     3 |     5 |     8 ||    16
       Ration            |     1 |       |     3 ||     4
Armor: Leather armour    |    17 |       |       ||    17
       Chain mail        |     5 |   149 |   354 ||   508
Dodge: Dodged            |    52 |    85 |   321 ||   458
Block: Buckler           |     6 |    32 |   114 ||   152
